 Dungeon Crawl Stone Soup version 0.30.1-9-gdf580d7c3d (webtiles) character file.

Game seed: 16130304296589174484

35 jagang the Slasher (level 3, -1/30 HPs)
             Began as a Barachi Monk on Oct 24, 2023.
             Slain by a worm (11 damage)
             ... on level 2 of the Dungeon.
             The game lasted 00:03:24 (1227 turns).

jagang the Slasher (Barachi Monk)                   Turns: 1227, Time: 00:03:24

Health: -1/30      AC:  2    Str: 12    XL:     3   Next: 33%
Magic:  3/3        EV: 13    Int: 10    God:
Gold:   140        SH:  0    Dex: 16    Spells: 2/2 levels left

rFire   . . .        a - +0 falchion
rCold   . . .        d - orb {light}
rNeg    . . .        b - +0 robe
rPois   .            (no helmet)
rElec   .            (no cloak)
rCorr   .            (no gloves)
SInv    .            (no boots)
Will    .....        (no amulet)
Stlth   +            k - ring of flight
HPRegen 0.25/turn    (no ring)
MPRegen 0.08/turn

%: no passive effects
@: flying, glowing, slow
A: amphibious, slowness 1, strong legs 1, +LOS
a: Hop


You were on level 2 of the Dungeon.
You visited 1 branch of the dungeon, and saw 2 of its levels.

You collected 140 gold pieces.

Inventory:

Hand Weapons
 a - a +0 falchion (weapon)
Missiles
 f - 2 atropa-tipped darts (quivered)
 q - 6 poisoned darts
Armour
 b - a +0 robe (worn)
 d - an orb of light (worn)
Jewellery
 k - a ring of flight (left hand)
 l - a ring of fire
Scrolls
 e - a scroll of identify {unknown}
 g - 2 scrolls of magic mapping {unknown}
 h - a scroll of butterflies {unknown}
 i - 3 scrolls of teleportation {unknown}
 j - a scroll of fog {unknown}
 n - a scroll of amnesia {unknown}
 o - a scroll of enchant weapon {unknown}
 s - a scroll of enchant armour {unknown}
Potions
 c - a potion of ambrosia
 m - a potion of invisibility {unknown}
 p - a potion of cancellation {unknown}
 r - a potion of attraction {unknown}


   Skills:
 + Level 4.0 Fighting
 * Level 4.3 Long Blades
 + Level 1.3 Armour
 + Level 3.6 Dodging


You had 2 spell levels left.
You didn't know any spells.
Your spell library was empty.

Dungeon Overview and Level Annotations

Branches:
Dungeon (2/15)

Altars:
Dithmenos

Shops:
D:1 =   D:2 =


Innate Abilities, Weirdness & Mutations

You are amphibious.
You cover ground slowly.
You can hop short distances.
You have an extended range of vision and can be seen from far away.


Message History

A worm comes into view.
A worm is nearby!
You see here 4 poisoned darts.
An adder comes into view.
The adder hisses angrily.
The adder moves out of view.
The adder closely misses you.
You closely miss the adder. The adder bites you. x2
You barely miss the adder. The adder bites you. The worm bites you.
You hit the adder but do no damage. The adder barely misses you.
You closely miss the adder. The adder bites you. The worm bites you.
The adder closely misses you.
You slash the adder!
The adder is severely wounded.
The adder bites you. The worm bites you but does no damage.
The adder closely misses you. The adder attacks as you move away!
The adder misses you.
You see here 4 poisoned darts.
You barely miss the adder.
The adder is severely wounded.
The adder bites you but does no damage. The adder closely misses you.
You closely miss the adder.
The adder is severely wounded.
The adder barely misses you.
You hit the adder.
You kill the adder!
Your Fighting skill increases to level 4!
You hit the worm.
The worm is moderately wounded.
The worm bites you!
* * * LOW HITPOINT WARNING * * *
You hit the worm.
The worm is heavily wounded.
You hit the worm.
The worm is severely wounded.
The worm closely misses you.
You hit the worm.
The worm is severely wounded.
The worm bites you!
You die...

#........#.#.#####.##
...#
#....................
#........#.#.......#
###...###....#######
#...# ##.#.# #####
#.#.# #.#.# #.#.#####
#$.@....#
####w###.#####
#.............
#.......######
#.......# #.......#
#.......# #........
#.......##


You could see a worm.

Vanquished Creatures
  An adder (D:2)
  5 endoplasms
  A giant cockroach (D:2)
  2 goblins
  5 hobgoblins
  A quokka (D:1)
  A ball python (D:1)
  2 frilled lizards
  3 kobolds
21 creatures vanquished.

Notes
Turn   | Place    | Note
-------+----------+-------------------------------------------
     0 | D:1      | jagang the Barachi Monk began the quest for the Orb.
     0 | D:1      | Reached XP level 1. HP: 18/18 MP: 1/1
   167 | D:1      | Reached XP level 2. HP: 23/25 MP: 2/2
   450 | D:1      | Found Utilup's Jewellery Shop.
   540 | D:1      | Reached skill level 1 in Armour
   951 | D:2      | Found a shadowy altar of Dithmenos.
  1046 | D:2      | Found Opoazy's Jewellery Boutique.
  1150 | D:2      | Reached XP level 3. HP: 30/30 MP: 3/3
  1227 | D:2      | Slain by a worm

Illustrated notes

Levels and vault maps discovered:
D:1:      nzn_arrival_depleted_hourglass, layout_basic, serial_shops,
          nicolae_shop_rolling_square, dreamdust_wishing_well, minmay_surrounded
D:2:      layout_loops_ring, serial_shops, nicolae_shop_gaudy_bauble,
          basic_altar, chequers_serial_rivers_small_b

Skill      XL: |  1  2  3 |
---------------+----------+-----
Long Blades    | 4 |  4.3
Armour         | 1 |  1.3
Fighting       | 4 |  4.0
Dodging        | |  3.6

Action                     || total
---------------------------++-------
  Melee: Falchion          ||    55
 Armour: Robe              ||     8
  Dodge: Dodged            ||    21
